 Dungeon Crawl Stone Soup version 0.15-a0-306-g5a3139e (webtiles) character file.

10221 BluebellGnoll the Nimble (level 11, 0/115 HPs)
             Began as an Ogre Hunter on Apr 30, 2014.
             Was an Elder of Trog.
             Slain by Urug
             ... wielding a +0,+0 great sword
              (18 damage)
             ... on Level 2 of the Orcish Mines.
             The game lasted 01:35:33 (11775 turns).

BluebellGnoll the Nimble (Ogre Hunter)             Turns: 11775, Time: 01:35:33

HP   0/115       AC  7     Str 22      XL: 11   Next: 43%
MP  11/11        EV 13     Int 10      God: Trog [****..]
Gold 978         SH  0     Dex 10      Spells:  1 memorised,  9 levels left

rFire  . . .     SeeInvis .     G - +2,+1 whip (venom)
rCold  . . .     Clarity  .     d - +1 animal skin (curse)
rNeg   . . .     Conserve .     (shield restricted)
rPois  .         rCorr    +     (helmet restricted)
rElec  .         rRot     .     F - +2 cloak
SustAb . .       Spirit   .     (gloves unavailable)
rMut   .         Warding  .     (boots unavailable)
Saprov + . .     Stasis   .     b - amulet of resist corrosion
MR     +....                    (no ring)
                                (no ring)

@: exhausted, slowed, heavily drained, very slow, somewhat resistant to hostile
enchantments, unstealthy
A: unfitting armour, fast metabolism 1, saprovore 1, tough skin 1
a: Burn Spellbooks, Berserk, Trog's Hand, Brothers in Arms, Renounce Religion


You were on level 2 of the Orcish Mines.
You worshipped Trog.
Trog was greatly pleased with you.
You were very hungry.

You visited 3 branches of the dungeon, and saw 12 of its levels.

You collected 978 gold pieces.

Inventory:

Hand weapons
 n - a +2,+0 dagger of chaos
 y - a +1,+2 whip of draining
 A - a +0 blowgun
 G - a +2,+1 whip of venom (weapon)
 H - a +1,+0 falchion of draining
 K - a +1,+1 whip of flaming
 Q - a +1,+0 flail of holy wrath
Missiles
 g - 3 javelins (quivered)
 h - 9 tomahawks of returning
 i - 17 darts
 x - 2 poisoned javelins
 B - 7 poisoned needles
 O - 3 tomahawks
 P - a throwing net
Armour
 d - a cursed +1 animal skin (worn)
 F - a +2 cloak (worn)
 N - a +1 robe of fire resistance
Magical devices
 r - a wand of magic darts (20)
 s - a wand of draining (4)
 I - a wand of magic darts (9)
Comestibles
 f - 5 meat rations
 t - 7 oranges
 u - a bread ration
 z - 2 apricots
 D - 2 apples
 E - a banana
 L - a rotting chunk of orc flesh
Scrolls
 a - 4 scrolls of identify
 e - 2 scrolls of fear
 k - 4 scrolls of teleportation
 p - a scroll of fog
 q - 5 scrolls of remove curse
Jewellery
 b - an amulet of resist corrosion (around neck)
 m - an uncursed ring of teleportation
 w - an uncursed amulet of conservation
 M - an uncursed amulet of rage
Potions
 c - 2 potions of agility
 j - a potion of lignification {unknown}
 l - a potion of cure mutation
 o - a potion of heal wounds
 v - a potion of curing
 C - 2 potions of restore abilities


   Skills:
 * Level 9.1(6.5) Fighting
 - Level 7.0(4.6) Maces & Flails
 - Level 10.9(8.2) Throwing
 + Level 11.3(8.6) Dodging
 - Level 0.7(0.0) Stealth


You had 9 spell levels left.
You knew the following spells:

 Your Spells              Type           Power        Failure   Level  Hunger
a - Apportation           Tloc           #.........   38%         1    ##.....


Dungeon Overview and Level Annotations

Branches:
Dungeon (9/15)             Temple (1/1) D:5             Orc (2/4) D:9
   Lair: D:8-11

Altars:
Ashenzari
Cheibriados
Dithmenos
Elyvilon
Fedhas
Kikubaaqudgha
Makhleb
Nemelex Xobeh
Okawaru
Sif Muna
Trog
Vehumet
Xom
Yredelemnul
Zin
The Shining One

Shops:
Orc:1 (

Annotations:
Orc:2 Urug


Innate Abilities, Weirdness & Mutations

You are too large for most types of armour.
You have a fast metabolism.
You can tolerate rotten meat.
You have tough skin (AC +1).


Message History

You whack Urug!
Urug is severely wounded.
You hit Urug.
Urug is severely wounded.
Urug closely misses you.
You hit Urug but do no damage.
Urug is severely wounded.
You barely miss Urug.
Urug is severely wounded.
You are no longer berserk.
You are exhausted.
You feel yourself slow down.
You are feeling very hungry.
Evoke which item? (* to show all) (? for menu, Esc to quit)
Zapping:
s - a wand of draining {zapped: 2}
Press: ? - help, Shift-Dir - straight line, f - Urug
Aim: Urug, wielding a great sword and wearing a shiny ring mail (severely wounded)
The bolt of negative energy misses Urug.
Urug hits you with a great sword!
You die...

........ ............
........P......#
..........##.....#
......$.............
#.........#...........
.....................#
.........[.......(....
..........)><...........
.........[[@[)..###<.
.........#))o....# ..
....>.....(.....#...
...((...##.........$
.<......#...>...#...
..$.......#.#......
.#........(.(..((.#
.##.##..#(.(..... ##
#.....(.....
##.#..((....


You could see Urug.

Vanquished Creatures
  Pikel (D:3)
  An orc sorcerer (Orc:2)
  A gargoyle (D:9)
  Psyche (D:9)
  4 ugly things (D:9)
  3 wargs (D:9)
  A water moccasin (D:9)
  3 necrophages
  3 slaves (D:4)
  6 sky beasts
  5 orc warriors
  3 ice beasts
  3 black bears
  2 ogres (Orc:1)
  2 phantoms (D:7)
  4 centaurs
  Sigmund (D:3)
  3 giant frogs
  2 big kobolds
  6 killer bees
  A scorpion (D:5)
  7 electric eels (D:7)
  A yak skeleton (D:7)
  2 oklob saplings (D:8)
  4 wights (D:8)
  6 crimson imps
  A giant frog zombie (D:6)
  A goliath beetle (D:8)
  6 hounds
  A jelly (D:5)
  A centaur skeleton (D:6)
  10 orc priests
  Crazy Yiuf (D:4)
  2 giant frog skeletons
  8 worker ants
  8 big fish (D:7)
  2 iguanas
  16 orc wizards
  Natasha (D:3)
  A gnoll shaman (D:5)
  An ogre zombie (D:6)
  Ijyb (D:5)
  Terence (D:3)
  A hound skeleton (D:5)
  A mummy (D:9)
  10 adders
  10 gnolls
  An orc zombie (D:8)
  2 shadow imps
  An inept feature mimic (D:6)
  2 giant mites
  5 worms
  4 wandering mushrooms (D:8)
  An adder skeleton (D:2)
  3 giant eyeballs
  3 oozes
  77 orcs
  10 bats
  8 goblins
  15 hobgoblins
  4 jackals (D:7)
  A ball python (D:5)
  A ball python zombie (D:2)
  3 giant geckos
  A giant gecko zombie (D:8)
  4 giant newts
  A goblin skeleton (D:2)
  17 kobolds
  2 kobold zombies
  4 quokkas
  19 rats
  A rat skeleton (D:6)
  A plant (D:2)
351 creatures vanquished.

Vanquished Creatures (collateral kills)
  3 orcs (Orc:2)
  A hobgoblin (Orc:2)
4 creatures vanquished.

Vanquished Creatures (others)
  An ogre (Orc:2)
  2 plants (D:8)
3 creatures vanquished.

Grand Total: 358 creatures vanquished

Notes
Turn   | Place    | Note
--------------------------------------------------------------
     0 | D:1      | BluebellGnoll, the Ogre Hunter, began the quest for the Orb.
     0 | D:1      | Reached XP level 1. HP: 22/22 MP: 1/1
   386 | D:1      | Reached XP level 2. HP: 25/29 MP: 2/2
  1021 | D:2      | Reached XP level 3. HP: 36/36 MP: 3/3
  1587 | D:3      | Reached XP level 4. HP: 42/44 MP: 4/4
  1588 | D:3      | Noticed Terence
  1619 | D:3      | Killed Terence
  1802 | D:3      | Noticed Sigmund
  1819 | D:3      | Killed Sigmund
  1819 | D:3      | Reached XP level 5. HP: 36/50 MP: 5/5
  1894 | D:3      | Learned a level 1 spell: Apportation
  2044 | D:3      | Noticed Natasha
  2048 | D:3      | Killed Natasha
  2048 | D:3      | Reached XP level 6. HP: 50/59 MP: 6/6
  2288 | D:4      | Reached skill level 5 in Dodging
  2318 | D:4      | Paralysed by a giant eyeball for 2 turns
  2417 | D:4      | Noticed Pikel
  2463 | D:3      | Killed Pikel
  2463 | D:3      | Reached skill level 6 in Throwing
  2463 | D:3      | Reached XP level 7. HP: 38/66 MP: 7/7
  2783 | D:4      | Noticed Crazy Yiuf
  2787 | D:4      | Killed Crazy Yiuf
  2787 | D:4      | Reached XP level 8. HP: 66/74 MP: 8/8
  2861 | D:5      | Entered Level 5 of the Dungeon
  3008 | D:5      | Got a pitted dagger
  3011 | D:5      | Found a staircase to the Ecumenical Temple.
  3153 | D:5      | Reached skill level 5 in Fighting
  3330 | D:5      | Noticed Ijyb
  3337 | D:5      | Killed Ijyb
  3352 | D:5      | Reached skill level 7 in Dodging
  3784 | D:5      | Reached skill level 5 in Maces & Flails
  3831 | Temple   | Entered the Ecumenical Temple
  3932 | Temple   | Became a worshipper of Trog the Wrathful
  4354 | D:6      | Reached XP level 9. HP: 92/92 MP: 9/9
  4388 | D:6      | Reached skill level 8 in Dodging
  4672 | D:6      | Found a staircase to the Ecumenical Temple.
  4674 | D:6      | the staircase to the Ecumenical Temple was a mimic.
  4847 | D:6      | Acquired Trog's first power
  5216 | D:6      | Reached skill level 9 in Dodging
  5597 | D:7      | Found a glowing silver altar of Zin.
  5723 | D:7      | Acquired Trog's second power
  5776 | D:7      | Reached XP level 10. HP: 60/100 MP: 10/10
  7817 | D:8      | Reached skill level 10 in Dodging
  8429 | D:8      | Found a sparkling altar of Nemelex Xobeh.
  8439 | D:8      | Found a snail-covered altar of Cheibriados.
  8923 | D:8      | Reached skill level 10 in Throwing
  8926 | D:8      | Found a blossoming altar of Fedhas.
  9223 | D:9      | Noticed Psyche
  9227 | D:9      | Killed Psyche
  9267 | D:9      | Found a radiant altar of Vehumet.
  9339 | D:9      | Reached XP level 11. HP: 62/110 MP: 11/11
  9486 | D:9      | Found a staircase to the Orcish Mines.
  9609 | D:9      | Acquired Trog's third power
 10275 | D:9      | Reached skill level 11 in Dodging
 10361 | Orc:1    | Entered Level 1 of the Orcish Mines
 10648 | Orc:1    | Received a gift from Trog
 11096 | Orc:1    | Found Ukki's Weapon Shoppe.
 11744 | Orc:2    | Noticed Urug
 11775 | Orc:2    | Slain by Urug

Action                   |  1- 3 |  4- 6 |  7- 9 | 10-12 || total
-------------------------+-------+-------+-------+-------++-------
Melee: Club              |    52 |       |       |       ||    52
       Mace              |   109 |    53 |       |       ||   162
       Whip              |       |     8 |   237 |   340 ||   585
Throw: Dart              |    24 |    66 |    97 |    82 ||   269
       Large rock        |     9 |    20 |    74 |    53 ||   156
       Throwing net      |       |     4 |     1 |       ||     5
       Tomahawk          |       |       |    10 |   176 ||   186
       Javelin           |       |       |     6 |    21 ||    27
Invok: Berserk           |       |       |     2 |     7 ||     9
       Trog's Hand       |       |       |       |     4 ||     4
       Brothers in Arms  |       |       |       |     1 ||     1
Evoke: Wand              |       |       |     1 |     2 ||     3
  Use: Potion            |       |     1 |       |       ||     1
       Scroll            |       |     2 |    10 |     7 ||    19
 Stab: Sleeping          |       |       |       |     1 ||     1
